 Dungeon Crawl Stone Soup version 0.22-a0-231-g1b571ea (webtiles) character file.

3693 wolfsongas the Thaumaturge (level 10, -2/75 HPs)
             Began as a Gnoll Wanderer on Feb 21, 2018.
             Was a Believer of Vehumet.
             Splashed by an acid dragon's acid (7 damage)
             ... on level 8 of the Dungeon.
             The game lasted 00:18:18 (11204 turns).

wolfsongas the Thaumaturge (Gnoll Wanderer)        Turns: 11204, Time: 00:18:19

Health: -2/75      AC: -8    Str: 17    XL:     10   Next: 13%
Magic:  24/24      EV: 19    Int: 17    God:    Vehumet [**....]
Gold:   513        SH:  7    Dex: 20    Spells: 28/29 levels left

rFire    + . .     SeeInvis +   B - +2 rapier (freeze)
rCold    + . .     Gourm    .   d - +1 buckler
rNeg     . . .     Faith    .   q - +0 ring mail
rPois    +         Spirit   .   r - +0 helmet
rElec    +         Reflect  .   z - +0 cloak
rCorr    +         Harm     .   y - +0 pair of gloves
MR       .....     Clarity  +   g - +1 pair of boots "Zarchigg" {Int+2}
Stlth    ++++......             (no amulet)
HPRegen  0.22/turn              (no ring)
MPRegen  0.19/turn              (no ring)

@: agile, resistant (expiring), corroded, drained
A: distributed training, fangs 1, see invisible, clarity, strong nose
a: Renounce Religion


You were on level 8 of the Dungeon.
You worshipped Vehumet.
Vehumet was pleased with you.
You were not hungry.

You visited 2 branches of the dungeon, and saw 9 of its levels.
You also visited: Ossuary.

You collected 807 gold pieces.
You spent 294 gold pieces at shops.

Inventory:

Hand Weapons
 B - a +2 rapier of freezing (weapon)
Armour
 d - a +1 buckler (worn)
 f - a +0 plate armour
 g - the +1 pair of boots "Zarchigg" (worn) {Int+2}
   (You bought it in a shop on level 6 of the Dungeon)

   It affects your intelligence (+2).
 q - a +0 ring mail (worn)
 r - a +0 helmet (worn)
 y - a +0 pair of gloves (worn)
 z - a +0 cloak (worn)
Wands
 j - a wand of paralysis (18)
 m - a wand of clouds (5)
 o - a wand of random effects (27)
Scrolls
 c - 4 scrolls of teleportation
 e - a scroll of fear
 p - 4 scrolls of remove curse
 s - 3 scrolls of identify
 v - a scroll of magic mapping
 w - a scroll of enchant armour
 x - a scroll of fog
Potions
 i - 2 potions of magic
 l - 2 potions of flight
 n - 3 potions of mutation
 u - a potion of cancellation
Comestibles
 b - 5 rations


   Skills:
 + Level 5.6(5.4) Fighting
 + Level 4.9(4.8) Short Blades
 + Level 4.9(4.8) Long Blades
 + Level 4.9(4.8) Axes
 + Level 4.9(4.8) Maces & Flails
 + Level 4.9(4.8) Polearms
 + Level 4.9(4.8) Staves
 + Level 4.9(4.8) Slings
 + Level 4.9(4.8) Bows
 + Level 4.9(4.8) Crossbows
 + Level 5.6(5.4) Throwing
 + Level 4.9(4.8) Armour
 + Level 5.6(5.4) Dodging
 + Level 5.5(5.3) Stealth
 + Level 5.6(5.4) Shields
 + Level 4.9(4.8) Unarmed Combat
 + Level 10.4(10.3) Spellcasting
 + Level 4.0(3.9) Conjurations
 + Level 4.0(3.9) Hexes
 + Level 4.0(3.9) Charms
 + Level 4.0(3.9) Summonings
 + Level 4.0(3.9) Necromancy
 + Level 4.0(3.9) Translocations
 + Level 4.0(3.9) Transmutations
 + Level 4.0(3.9) Fire Magic
 + Level 4.6(4.5) Ice Magic
 + Level 4.0(3.9) Air Magic
 + Level 4.0(3.9) Earth Magic
 + Level 4.0(3.9) Poison Magic
 + Level 5.3(5.2) Invocations
 + Level 4.9(4.8) Evocations


You had 28 spell levels left.
You knew the following spells:

 Your Spells              Type           Power        Failure   Level  Hunger
a - Sting                 Conj/Pois      ###.         2%          1    None


Dungeon Overview and Level Annotations

Branches:
Dungeon (8/15)             Temple (1/1) D:4
   Lair: D:8-11

Altars:
Ashenzari
Cheibriados
Dithmenos
Elyvilon
Hepliaklqana
Kikubaaqudgha
Makhleb
Nemelex Xobeh
Okawaru
Qazlal
Ru
Trog
Uskayaw
Vehumet
Wu Jian
Xom
Yredelemnul
Zin
The Shining One

Shops:
D:6 [!

Annotations:
D:8 1 transporter


Innate Abilities, Weirdness & Mutations

Your experience applies equally to all skills.
You have very sharp teeth.
Your uncanny sense of smell can sniff out nearby items.
You have supernaturally acute eyesight. (SInv)
You possess an exceptional clarity of mind.


Message History

The jelly hits you.
You are splashed with acid!
The acid burns!
You resist. The jelly misses you. You block the jelly's attack.
You block the acid dragon's attack. The acid dragon misses you.
You completely miss the acid dragon.
The acid dragon is severely wounded.
You start to feel less resistant.
The jelly hits you.
* * * LOW HITPOINT WARNING * * *
You are splashed with acid!
The acid burns!
You resist.
* * * LOW HITPOINT WARNING * * *
The jelly hits you.
* * * LOW HITPOINT WARNING * * *
You are splashed with acid!
The acid burns!
You resist.
* * * LOW HITPOINT WARNING * * *
The jelly misses you. The acid dragon spits acid at you.
The splash of acid hits you! You resist.
* * * LOW HITPOINT WARNING * * *
You are splashed with acid!
The acid burns!
You resist.
You die...

.#
#....#§§§[($§.§#...........
.#
##.###.§§§§§§§§############
## ### #.§§§§§§§.#
#§.§§§§§§§# ####§§§#####
#§§$..§§#.####### ###
#§§#.#§§#.......# #..
#§§.!D§§#.#####.# #.#
#§D#@#§§#.....#.# #.#
#§§JJJ§§#.###.#.###.#
#§§§§§§§#.#..........
#########...#.#.###.#
#..©[#....##.#)# #.#
#####....#.........# #.#
#####).......#.......###
#.. #......^.......#.#####
### #.###.###.######.#


You could see 2 acid dragons and 3 jellies.

Vanquished Creatures
  The ghost of eruonna the Grappler, a novice NaMo of Cheibriados (D:7)
  A troll (D:8)
  Sigmund (D:4)
  Menkaure (D:6)
  An acid dragon (D:8)
  Duvessa (D:7)
  A black bear (D:5)
  4 phantoms
  An orc warrior (D:6)
  An ice beast (D:6)
  A sky beast (D:8)
  3 ogres
  A centaur (D:5)
  Dowan (D:7)
  5 killer bees (D:8)
  3 wights (D:8)
  5 howler monkeys
  A crimson imp (D:6)
  2 centaur zombies
  2 hounds
  A jelly (D:7)
  A bullfrog skeleton (D:5)
  An orc priest (D:8)
  3 iguanas
  2 orc wizards
  5 worker ants
  A big kobold zombie (Ossuary)
  A hound zombie (D:8)
  8 mummies (Ossuary)
  A worker ant zombie (D:7)
  6 gnolls
  5 adders
  3 shadow imps
  An ooze (D:3)
  An adder skeleton (D:8)
  2 dart slugs (D:2)
  4 worms
  4 leopard geckos
  24 orcs
  9 bats
  5 giant cockroaches
  2 gnoll zombies (Ossuary)
  7 goblins
  6 hobgoblins
  6 jackals
  5 quokkas
  4 ball pythons
  7 frilled lizards
  2 hobgoblin zombies (Ossuary)
  2 kobolds
  A kobold zombie (Ossuary)
  2 orc zombies (Ossuary)
  A quokka zombie (D:7)
  10 rats
180 creatures vanquished.

Notes
Turn   | Place    | Note
-------+----------+-------------------------------------------
     0 | D:1      | Reached skill level 9 in Spellcasting
     0 | D:1      | wolfsongas the Gnoll Wanderer began the quest for the Orb.
     0 | D:1      | wolfsongas set off with: a +2 spear, a ration, a scroll of teleportation, a +0 robe
     0 | D:1      | Reached XP level 1. HP: 17/17 MP: 10/10
   188 | D:1      | Reached XP level 2. HP: 19/23 MP: 12/12
   748 | D:2      | Reached XP level 3. HP: 24/28 MP: 13/13
  1054 | D:2      | Reached skill level 1 in Invocations
  1294 | D:2      | Reached skill level 1 in Short Blades
  1294 | D:2      | Reached skill level 1 in Long Blades
  1294 | D:2      | Reached skill level 1 in Axes
  1294 | D:2      | Reached skill level 1 in Maces & Flails
  1294 | D:2      | Reached skill level 1 in Polearms
  1294 | D:2      | Reached skill level 1 in Staves
  1294 | D:2      | Reached skill level 1 in Slings
  1294 | D:2      | Reached skill level 1 in Bows
  1294 | D:2      | Reached skill level 1 in Crossbows
  1294 | D:2      | Reached skill level 1 in Armour
  1294 | D:2      | Reached skill level 1 in Unarmed Combat
  1294 | D:2      | Reached skill level 1 in Evocations
  1294 | D:2      | Reached XP level 4. HP: 22/34 MP: 15/15
  1825 | D:3      | Reached skill level 1 in Conjurations
  1825 | D:3      | Reached skill level 1 in Hexes
  1825 | D:3      | Reached skill level 1 in Charms
  1825 | D:3      | Reached skill level 1 in Summonings
  1825 | D:3      | Reached skill level 1 in Necromancy
  1825 | D:3      | Reached skill level 1 in Translocations
  1825 | D:3      | Reached skill level 1 in Transmutations
  1825 | D:3      | Reached skill level 1 in Fire Magic
  1825 | D:3      | Reached skill level 1 in Air Magic
  1825 | D:3      | Reached skill level 1 in Earth Magic
  1825 | D:3      | Reached skill level 1 in Poison Magic
  2379 | D:3      | Reached XP level 5. HP: 31/40 MP: 16/16
  2733 | D:4      | Noticed Sigmund
  2774 | D:4      | Killed Sigmund
  2774 | D:4      | Reached XP level 6. HP: 29/47 MP: 18/18
  2972 | D:4      | Found a staircase to the Ecumenical Temple.
  2983 | Temple   | Entered the Ecumenical Temple
  3103 | Temple   | Became a worshipper of Vehumet
  3891 | D:4      | Found an iron altar of Okawaru.
  3896 | D:4      | Found a glowing silver altar of Zin.
  4015 | D:4      | Gained mutation: You possess an exceptional clarity of mind. [potion of mutation]
  4015 | D:4      | Gained mutation: You have supernaturally acute eyesight. (SInv) [potion of mutation]
  4069 | D:4      | Reached XP level 7. HP: 52/52 MP: 20/20
  4074 | D:4      | Found a snail-covered altar of Cheibriados.
  4085 | D:4      | Got a slimy robe
  4096 | D:4      | Identified the +2 robe "Ususuagi" {rPois rF+ Str+4 Int-5 SInv} (You found it on level 4 of the Dungeon)
  4239 | D:5      | Entered Level 5 of the Dungeon
  5203 | D:5      | Reached XP level 8. HP: 29/60 MP: 21/21
  5641 | D:6      | Found a sand-covered staircase.
  5834 | Ossuary  | Entered an ossuary
  5894 | Ossuary  | Reached * piety under Vehumet
  5894 | Ossuary  | Offered knowledge of Sting by Vehumet.
  5948 | Ossuary  | Learned a level 1 spell: Sting
  7103 | D:6      | Found a hide-covered altar of Uskayaw.
  7135 | D:6      | HP: 2/60 [ice beast (5)]
  7431 | D:6      | Found a stormy altar of Qazlal.
  7434 | D:6      | Found an ancient bone altar of Kikubaaqudgha.
  7584 | D:6      | Found an ornate altar of the Wu Jian Council.
  7651 | D:6      | Found Sesooruu's Distillery.
  7822 | D:6      | Reached skill level 10 in Spellcasting
  8081 | D:6      | Found Follibb's Antique Armour Boutique.
  8113 | D:6      | Bought a pair of dazzling boots for 294 gold pieces
  8118 | D:6      | Identified the +1 pair of boots "Zarchigg" {Int+2} (You bought it in a shop on level 6 of the Dungeon)
  8320 | D:6      | Reached XP level 9. HP: 56/66 MP: 23/23
  8397 | D:7      | Noticed Menkaure
  8422 | D:7      | Noticed eruonna's ghost (novice NaMo)
  8430 | D:6      | Killed Menkaure
  8509 | D:7      | Reached ** piety under Vehumet
  8509 | D:7      | Offered knowledge of Freeze by Vehumet.
  8711 | D:7      | Killed eruonna's ghost
  8711 | D:7      | Reached skill level 5 in Fighting
  8711 | D:7      | Reached skill level 5 in Throwing
  8711 | D:7      | Reached skill level 5 in Dodging
  8711 | D:7      | Reached skill level 5 in Shields
  8803 | D:7      | Found a shimmering altar of Xom.
  8803 | D:7      | Found a shimmering altar of Xom.
  8803 | D:7      | Found a shimmering altar of Xom.
  8815 | D:7      | Found a shimmering altar of Xom.
  8820 | D:7      | Found a glowing golden altar of the Shining One.
  8823 | D:7      | Found a burning altar of Makhleb.
  8870 | D:7      | Found a shimmering altar of Xom.
  8891 | D:7      | Noticed Duvessa
  8895 | D:7      | Noticed Dowan
  8905 | D:7      | Killed Duvessa
  8905 | D:7      | Reached skill level 5 in Stealth
  8925 | D:7      | Killed Dowan
  9364 | D:8      | Noticed a troll
  9381 | D:8      | Killed a troll
  9381 | D:8      | Reached skill level 5 in Invocations
 10048 | D:8      | Found a transporter.
 10186 | D:8      | Reached XP level 10. HP: 66/74 MP: 24/24
 10510 | D:8      | Found a white marble altar of Elyvilon.
 10682 | D:8      | Found a transporter.
 11204 | D:8      | Splashed by an acid dragon's acid

Vault maps used:
D:1:      minmay_arrival_hallway
D:2:      minmay_misc_feat_roman, feat_on_display
D:3:      first_ration
D:4:      grunt_temple_overflow_open, lemuel_round_altar, temple_hall,
          uniq_sigmund
D:5:      black_bear_nest_1
D:6:      grunt_temple_overflow_cloverleaf, serial_shops, nicolae_shop_trees,
          shop, nicolae_ossuary_entry_false_entrances
D:7:      minitemple, xom_redecorated, uniq_duvessa, uniq_menkaure
D:8:      gammafunk_cloud_chamber, kennysheep_little_box
Temple:   minmay_temple_curvy_loop
Ossuary:  ossuary_tomb_3

Skill      XL: |  1  2  3  4  5  6  7  8  9 10 |
---------------+-------------------------------+-----
Spellcasting   | 10 | 10.4
Ice Magic      | 2 3 4 |  4.6
Invocations    | 1 2 3 4 5 |  5.3
Short Blades   | 1 2 3 4 |  4.9
Long Blades    | 1 2 3 4 |  4.9
Axes           | 1 2 3 4 |  4.9
Maces & Flails | 1 2 3 4 |  4.9
Polearms       | 1 2 3 4 |  4.9
Staves         | 1 2 3 4 |  4.9
Slings         | 1 2 3 4 |  4.9
Bows           | 1 2 3 4 |  4.9
Crossbows      | 1 2 3 4 |  4.9
Armour         | 1 2 3 4 |  4.9
Unarmed Combat | 1 2 3 4 |  4.9
Evocations     | 1 2 3 4 |  4.9
Conjurations   | 1 2 3 4 |  4.0
Hexes          | 1 2 3 4 |  4.0
Charms         | 1 2 3 4 |  4.0
Summonings     | 1 2 3 4 |  4.0
Necromancy     | 1 2 3 4 |  4.0
Translocations | 1 2 3 4 |  4.0
Transmutations | 1 2 3 4 |  4.0
Fire Magic     | 1 2 3 4 |  4.0
Air Magic      | 1 2 3 4 |  4.0
Earth Magic    | 1 2 3 4 |  4.0
Poison Magic   | 1 2 3 4 |  4.0
Fighting       | 3 4 5 |  5.6
Throwing       | 3 4 5 |  5.6
Dodging        | 3 4 5 |  5.6
Stealth        | 3 4 5 |  5.5
Shields        | 3 4 5 |  5.6

Action                   |  1- 3 |  4- 6 |  7- 9 | 10-12 || total
-------------------------+-------+-------+-------+-------++-------
Melee: Spear             |   131 |   213 |   483 |       ||   827
       Bite              |    10 |    24 |    84 |    12 ||   130
       Falchion          |       |       |   132 |       ||   132
       War axe           |       |       |    41 |    26 ||    67
       Rapier            |       |       |       |    30 ||    30
       Short sword       |       |       |       |    14 ||    14
 Cast: Sting             |       |       |    24 |       ||    24
  Use: Scroll            |     3 |     3 |    10 |       ||    16
       Potion            |     4 |     6 |    14 |     5 ||    29
 Stab: Sleeping          |     8 |     2 |     7 |       ||    17
       Distracted        |       |     1 |     1 |       ||     2
       Invisible         |       |       |     7 |       ||     7
  Eat: Chunk             |     1 |     3 |     8 |       ||    12
       Ration            |       |     2 |     4 |     1 ||     7
Armor: Robe              |     2 |       |       |       ||     2
       Chain mail        |    55 |       |       |       ||    55
       Ring mail         |       |    31 |   133 |    25 ||   189
       Skin              |       |       |    68 |       ||    68
Dodge: Dodged            |    42 |    98 |   319 |   129 ||   588
Block: Buckler           |       |    14 |   181 |    51 ||   246
       Rpst.: Falchion   |       |       |    24 |       ||    24

Table legend:
 A = Spawn XP
 B = Non-spawn XP
 C = Spawn XP percentage of total XP
 D = Spawn monster count
 E = Non-spawn monster count
 F = Spawn count percentage of total count
 G = Total turns spent on level
                    A         B        C        D         E        F      G
               +---------+---------+-------+---------+---------+-------+---------
         Total |       0 |    5276 |   0.0 |       0 |     180 |   0.0 | 11204
               +---------+---------+-------+---------+---------+-------+---------
           D:1 |       0 |      28 |   0.0 |       0 |      17 |   0.0 |   681
           D:2 |       0 |      62 |   0.0 |       0 |      28 |   0.0 |   997
           D:3 |       0 |      96 |   0.0 |       0 |      31 |   0.0 |  1042
           D:4 |       0 |     500 |   0.0 |       0 |       8 |   0.0 |  1386
           D:5 |       0 |     545 |   0.0 |       0 |      14 |   0.0 |  1361
           D:6 |       0 |    1227 |   0.0 |       0 |      29 |   0.0 |  2111
           D:7 |       0 |    1097 |   0.0 |       0 |      10 |   0.0 |   735
           D:8 |       0 |    1539 |   0.0 |       0 |      27 |   0.0 |  1980
       Ossuary |       0 |     182 |   0.0 |       0 |      16 |   0.0 |   778
               +---------+---------+-------+---------+---------+-------+---------
